 Dungeon Crawl Stone Soup version 0.30-a0-170-g85af917532 (webtiles) character file.

Game seed: 13166282963316557564

4175 qw the Cleaver (level 10, -3/64 HPs)
             Began as a Gargoyle Fighter on Sept 30, 2022.
             Was a Believer of Okawaru.
             Slain by a gnoll
             ... wielding a +0 halberd
             ... led by a gnoll sergeant
              (11 damage)
             ... on level 8 of the Dungeon.
             The game lasted 00:03:12 (7701 turns).

qw the Cleaver (Gargoyle Fighter)                   Turns: 7701, Time: 00:03:13

Health: -3/64      AC: 28    Str: 31    XL:     10   Next: 28%
Magic:  11/13      EV: 13    Int: 14    God:    Okawaru [**....]
Gold:   339        SH:  6    Dex:  9    Spells: 9/9 levels left

rFire   . . .      SeeInvis .    Y - +1 war axe (venom)
rCold   . . .      Faith    .    c - +0 buckler
rNeg    + + .      Spirit   .    j - +0 plate armour
rPois   inf        Reflect  .    k - +1 helmet
rElec   +          Harm     .    (no cloak)
rCorr   .          Rampage  .    (no gloves)
Will    .....                    r - +2 pair of boots
Stlth   ..........               (no amulet)
HPRegen 0.20/turn                h - +6 ring of strength
MPRegen 0.13/turn                p - ring "Jamiy" {*Slow rN+ EV+4 Int+6}

@: heroic, slowed, very slow
A: sickness immunity, AC +7, negative energy resistance 1, electricity
resistance, torment resistance 1, petrification resistance
a: Renounce Religion, Heroism


You were on level 8 of the Dungeon.
You worshipped Okawaru.
Okawaru was pleased with you.
You visited 2 branches of the dungeon, and saw 9 of its levels.

You collected 499 gold pieces.
You spent 160 gold pieces at shops.


Innate Abilities, Weirdness & Mutations

You are immune to sickness and miasma.
Your stone body is resilient. (AC +7)
You are immune to poison.
You resist negative energy. (rN+)
You are resistant to electric shocks. (rElec)
You are resistant to unholy torment.
You are immune to petrification.


   Skills:
 - Level 8.1(13.1) Fighting
 - Level 10.0(15.0) Axes
 - Level 1.0(6.0) Throwing
 - Level 6.2(11.2) Armour
 - Level 1.1(6.1) Dodging
 + Level 4.3(9.3) Shields
 - Level 4.5 Invocations


You had 9 spell levels left.
You didn't know any spells.
Your spell library was empty.

Inventory:

Hand Weapons
 l - a +2 flail of freezing
 Y - a +1 war axe of venom (weapon)
Armour
 c - a +0 buckler (worn)
 j - a +0 plate armour (worn)
 k - a +1 helmet (worn)
 r - a +2 pair of boots (worn)
Jewellery
 h - a +6 ring of strength (left hand)
 o - a ring of resist corrosion
 p - the ring "Jamiy" (right hand) {*Slow rN+ EV+4 Int+6}
   (You found it on level 3 of the Dungeon)

   [ring of evasion]

   EV:        It affects your evasion (+4).
   Int:       It affects your intelligence (+6).
   rN:        It protects you from negative energy.
   *Slow:     It may slow you when you take damage.
Wands
 b - a wand of digging (5)
Scrolls
 i - 6 scrolls of identify
Potions
 a - 3 potions of attraction
 d - 3 potions of might
 e - 4 potions of mutation
 f - a potion of haste
 m - 3 potions of lignification

Dungeon Overview and Level Annotations

Branches:
Dungeon (8/15)             Temple (1/1) D:4
   Lair: D:8-11

Altars:
Ashenzari
Cheibriados
Dithmenos
Elyvilon
Fedhas
Gozag
Hepliaklqana
Kikubaaqudgha
Makhleb
Nemelex Xobeh
Okawaru
Qazlal
Ru
Sif Muna
Trog
Uskayaw
Vehumet
Wu Jian
Xom
Yredelemnul
Zin
The Shining One

Shops:
D:3 *!(*   D:7 (

Annotations:
D:4 3 runed translucent doors, qw's ghost, amateur GrFi
D:6 1 runed translucent door, Crazy Yiuf
D:8 Grum


Message History

An orc priest comes into view. It is wielding a +0 dagger.
You block the gnoll's attack.
The gnoll sergeant hits you but does no damage.
Grum hits you but does no damage. The gnoll misses you.
The bullfrog barely misses you.
The orc priest shouts!
You hit the bullfrog.
The bullfrog is heavily wounded.
You slash the wolf!
The wolf is poisoned.
You hit the wolf but do no damage.
The wolf is poisoned.
You feel like a meek peon again.
You kill the wolf!
Okawaru accepts your kill. The wolf bites you. The bullfrog closely misses you.
The wolf closely misses you.
The orc priest calls down the wrath of Beogh upon you.
Beogh smites you!
An orc comes into view. It is wielding a +0 club.
The gnoll hits you but does no damage. The gnoll misses you.
You block the gnoll sergeant's attack.
Grum hits you from afar with a +0 vorpal glaive.
7700 ||| INVOKING Heroism.
You gain the combat prowess of a mighty hero.
The wolf closely misses you.
The bullfrog hits you but does no damage.
You block the wolf's attack. The bullfrog misses you.
The gnoll barely misses you. The gnoll completely misses you.
The gnoll sergeant hits you but does no damage.
Grum closely misses you. You block the wolf's attack.
The bullfrog hits you but does no damage.
You completely miss the bullfrog.
The bullfrog is heavily wounded.
You miss the wolf. You block the wolf's attack.
The orc priest looks satisfied for a moment.
The gnoll hits you but does no damage. The gnoll barely misses you.
The gnoll sergeant barely misses you. Grum barely misses you.
The bullfrog barely misses you. The wolf bites you but does no damage.
The gnoll hits you from afar with a +0 halberd!
You die...

## #..######
..oo.g..#######
#.nh)<.....#
#.gF@..."..#
#..g))..#####
.....g....#
........###
.........
###.####. .. .
#< ##


You could see Grum, a necrophage, a gnoll sergeant, a wolf (poisoned), a
bullfrog (very poisoned), an orc priest, 2 gnolls and an orc.

Vanquished Creatures
  Maggie (D:6)
  Grinder (D:6)
  A steam dragon (D:7)
  2 orc warriors
  A sky beast (D:6)
  A black bear (D:6)
  2 ice beasts
  3 wolves (D:8)
  2 ogres
  2 centaurs
  2 phantoms
  A kobold brigand (D:8)
  A gnoll sergeant (D:6)
  2 bullfrogs
  5 scorpions
  4 wights (D:7)
  5 killer bees (D:6)
  6 howler monkeys
  6 hounds
  2 jellies
  A gnoll bouda (D:7)
  3 iguanas
  7 orc wizards
  30 gnolls
  10 adders
  3 white imps
  An ufetubus (D:6)
  2 worms
  5 dart slugs
  28 orcs
  4 ball pythons
  3 bats
  6 endoplasms
  4 giant cockroaches
  4 goblins
  10 hobgoblins
  16 jackals
  13 kobolds
  2 quokkas
  4 frilled lizards
  7 rats
213 creatures vanquished.

Vanquished Creatures (others)
  A white imp (D:6)
  2 plants (D:1)
3 creatures vanquished.

Grand Total: 216 creatures vanquished

Notes
Turn   | Place    | Note
-------+----------+-------------------------------------------
     0 | D:1      | qw the Gargoyle Fighter began the quest for the Orb.
     0 | D:1      | Reached XP level 1. HP: 14/14 MP: 1/1
     0 | D:1      | 0 ||| qw: Version: 0.2-a-13-gfc7b4b4
     0 | D:1      | 0 ||| qw: Game counter: 1675
     0 | D:1      | 0 ||| qw: Always use a shield: true
     0 | D:1      | 0 ||| qw: God list: Okawaru
     0 | D:1      | 0 ||| qw: Allow faded altars: false
     0 | D:1      | 0 ||| qw: Do Orc after D:15 true
     0 | D:1      | 0 ||| qw: Do second Lair branch before Depths: true
     0 | D:1      | 0 ||| qw: Lair rune preference: random
     0 | D:1      | 0 ||| qw: Plans: Normal, Zot:1-4, God:TSO, Crypt, Tomb,
                  | Pan, Slime:5, Hells, Abyss, Orb
     0 | D:1      | 0 ||| PLANNING D:1-11
    19 | D:1      | Reached skill level 2 in Axes
    75 | D:1      | Reached XP level 2. HP: 16/19 MP: 2/2
   389 | D:1      | Reached skill level 3 in Axes
   542 | D:1      | Reached XP level 3. HP: 23/23 MP: 3/3
   634 | D:1      | 634 ||| DROPPING +0 club.
   753 | D:1      | Found a faded altar of an unknown god.
  1107 | D:1      | 1107 ||| UPGRADING to +0 chain mail.
  1117 | D:1      | 1117 ||| DROPPING +0 scale mail.
  1118 | D:1      | 1118 ||| UPGRADING to +6 ring of strength.
  1119 | D:1      | 1119 ||| READING 2 scrolls labelled BUOSSO OKKE.
  1120 | D:1      | 1120 ||| READING 3 scrolls labelled KUDWUMP UNTY.
  1121 | D:1      | 1121 ||| DRINKING 2 puce potions.
  1122 | D:1      | 1122 ||| DRINKING 3 black potions.
  1123 | D:1      | 1123 ||| READING 2 scrolls of identify.
  1123 | D:1      | 1123 ||| IDENTIFYING emerald potion
  1124 | D:1      | 1124 ||| DROPPING scroll of amnesia.
  1125 | D:1      | 1125 ||| DROPPING potion of brilliance.
  1126 | D:1      | 1126 ||| DROPPING 2 potions of invisibility.
  1712 | D:2      | Reached XP level 4. HP: 24/28 MP: 4/4
  2166 | D:2      | 2166 ||| READING scroll labelled VEEPUTE SINASCH.
  2167 | D:2      | 2167 ||| READING scroll labelled LACONTI ULUTEI.
  2168 | D:2      | 2168 ||| DRINKING 2 fizzy inky potions.
  2212 | D:2      | 2212 ||| READING 3 scrolls of identify.
  2212 | D:2      | 2212 ||| IDENTIFYING red potion
  2228 | D:3      | 2228 ||| STAIRDANCE
  2257 | D:3      | Found Moranem's Distillery.
  2265 | D:3      | 2265 ||| BUYING potion of attraction (30 gold).
  2265 | D:3      | Bought a potion of attraction for 30 gold pieces
  2265 | D:3      | 2265 ||| BUYING potion of curing (30 gold).
  2265 | D:3      | Bought a potion of curing for 30 gold pieces
  2265 | D:3      | 2265 ||| BUYING potion of curing (30 gold).
  2265 | D:3      | Bought a potion of curing for 30 gold pieces
  2265 | D:3      | 2265 ||| SHOPLISTING potion of haste (100 gold, have 21).
  2265 | D:3      | 2265 ||| SHOPLISTING potion of lignification (30 gold, have
                  | 21).
  2289 | D:3      | Found Naegaf's Assorted Antiques.
  2295 | D:3      | Reached skill level 4 in Axes
  2300 | D:3      | 2300 ||| SHOPLISTING flail (108 gold, have 21).
  2300 | D:3      | 2300 ||| SHOPLISTING potion of attraction (93 gold, have
                  | 21).
  2300 | D:3      | 2300 ||| SHOPLISTING potion of mutation (248 gold, have
                  | 21).
  2300 | D:3      | 2300 ||| SHOPLISTING scroll of identify (62 gold, have 21).
  2312 | D:3      | Found a broken altar of Ashenzari.
  2501 | D:3      | You fall into a shaft and drop 2 floors!
  2501 | D:5      | Entered Level 5 of the Dungeon
  2538 | D:5      | Noticed a scorpion
  2539 | D:5      | 2539 ||| Stepping ~*~*~tactically~*~*~ (hiding).
  2554 | D:5      | Noticed a centaur
  2555 | D:5      | 2555 ||| Stepping ~*~*~tactically~*~*~ (stealth).
  2560 | D:5      | Killed a centaur
  2561 | D:5      | Reached skill level 5 in Axes
  2561 | D:5      | Reached XP level 5. HP: 21/32 MP: 5/5
  2562 | D:5      | 2562 ||| Stepping ~*~*~tactically~*~*~ (stealth).
  2608 | D:5      | 2608 ||| Stepping ~*~*~tactically~*~*~ (stealth).
  2619 | D:5      | 2619 ||| Stepping ~*~*~tactically~*~*~ (stealth).
  2622 | D:5      | 2622 ||| Stepping ~*~*~tactically~*~*~ (stealth).
  2685 | D:5      | Reached XP level 6. HP: 38/38 MP: 6/6
  2692 | D:5      | 2692 ||| Stepping ~*~*~tactically~*~*~ (stealth).
  2705 | D:5      | 2705 ||| UPGRADING to ring of resist corrosion.
  2706 | D:5      | 2706 ||| READING 2 scrolls of identify.
  2706 | D:5      | 2706 ||| IDENTIFYING smoky amethyst potion
  2757 | D:4      | 2757 ||| Stepping ~*~*~tactically~*~*~ (stealth).
  2798 | D:4      | Found a staircase to the Ecumenical Temple.
  2799 | D:4      | 2799 ||| PLANNING TEMPLE
  2799 | D:4      | 2799 ||| Stepping ~*~*~tactically~*~*~ (stealth).
  2820 | D:4      | 2820 ||| Stepping ~*~*~tactically~*~*~ (stealth).
  2822 | D:4      | 2822 ||| Stepping ~*~*~tactically~*~*~ (hiding).
  2823 | D:4      | 2823 ||| Stepping ~*~*~tactically~*~*~ (hiding).
  2825 | D:4      | 2825 ||| Stepping ~*~*~tactically~*~*~ (hiding).
  2852 | Temple   | Entered the Ecumenical Temple
  2885 | Temple   | 2885 ||| PLANNING D:1-11
  2943 | D:4      | 2943 ||| READING scroll labelled AXEILI LESMUOM.
  3026 | D:3      | 3026 ||| Stepping ~*~*~tactically~*~*~ (hiding).
  3027 | D:3      | 3027 ||| Stepping ~*~*~tactically~*~*~ (hiding).
  3066 | D:3      | Identified the ring "Jamiy" {*Slow rN+ EV+4 Int+6}
  3079 | D:3      | Found Geni's General Store.
  3084 | D:3      | 3084 ||| SHOPLISTING +2 flail of holy wrath (256 gold, have
                  | 92).
  3084 | D:3      | 3084 ||| BUYING scroll of identify (28 gold).
  3084 | D:3      | Bought a scroll of identify for 28 gold pieces
  3084 | D:3      | 3084 ||| BUYING scroll of teleportation (42 gold).
  3084 | D:3      | Bought a scroll of teleportation for 42 gold pieces
  3099 | D:3      | Found Irphirghi's Antique Weapon Shoppe.
  3239 | D:3      | 3239 ||| Stepping ~*~*~tactically~*~*~ (stealth).
  3391 | D:3      | 3391 ||| UPGRADING to +0 pair of boots.
  3396 | D:3      | 3396 ||| UPGRADING to ring "Jamiy" {*Slow rN+ EV+4 Int+6}.
  3398 | D:3      | 3398 ||| READING scroll labelled VEDEPS PAFO.
  3492 | D:4      | Reached skill level 6 in Axes
  3499 | D:4      | 3499 ||| DRINKING 2 potions of curing.
  3499 | D:4      | 3499 ||| (to cure confusion)
  3510 | D:4      | Reached skill level 1 in Dodging
  3510 | D:4      | Reached XP level 7. HP: 12/43 MP: 7/7
  3727 | D:4      | 3727 ||| DROPPING +0 whip.
  3756 | D:4      | 3756 ||| Stepping ~*~*~tactically~*~*~ (stealth).
  3757 | D:4      | 3757 ||| Stepping ~*~*~tactically~*~*~ (stealth).
  3769 | D:4      | 3769 ||| DRINKING potion of curing.
  3769 | D:4      | 3769 ||| (to cure confusion)
  3850 | D:4      | Reached skill level 7 in Axes
  3874 | D:4      | 3874 ||| FLEEEEING.
  3875 | D:4      | 3875 ||| FLEEEEING.
  3884 | D:4      | 3884 ||| FLEEEEING.
  3885 | D:4      | 3885 ||| FLEEEEING.
  3886 | D:4      | 3886 ||| FLEEEEING.
  3893 | D:4      | 3893 ||| FLEEEEING.
  3894 | D:4      | 3894 ||| FLEEEEING.
  3895 | D:4      | 3895 ||| FLEEEEING.
  3896 | D:4      | 3896 ||| FLEEEEING.
  3897 | D:4      | 3897 ||| FLEEEEING.
  3898 | D:4      | 3898 ||| FLEEEEING.
  3899 | D:4      | 3899 ||| FLEEEEING.
  3900 | D:4      | 3900 ||| FLEEEEING.
  3901 | D:4      | 3901 ||| FLEEEEING.
  3902 | D:4      | 3902 ||| FLEEEEING.
  3903 | D:4      | 3903 ||| FLEEEEING.
  3904 | D:4      | 3904 ||| FLEEEEING.
  3905 | D:4      | 3905 ||| FLEEEEING.
  3906 | D:4      | 3906 ||| FLEEEEING.
  3907 | D:4      | 3907 ||| FLEEEEING.
  4018 | D:4      | 4018 ||| Stepping ~*~*~tactically~*~*~ (stealth).
  4019 | D:4      | 4019 ||| Stepping ~*~*~tactically~*~*~ (stealth).
  4023 | D:4      | 4023 ||| Stepping ~*~*~tactically~*~*~ (stealth).
  4032 | D:4      | 4032 ||| Stepping ~*~*~tactically~*~*~ (stealth).
  4033 | D:4      | 4033 ||| Stepping ~*~*~tactically~*~*~ (stealth).
  4034 | D:4      | 4034 ||| Stepping ~*~*~tactically~*~*~ (stealth).
  4078 | D:4      | 4078 ||| READING scroll of enchant armour.
  4078 | D:4      | 4078 ||| ENCHANTING +0 pair of boots.
  4096 | D:4      | 4096 ||| Stepping ~*~*~tactically~*~*~ (stealth).
  4106 | D:4      | Reached skill level 1 in Throwing
  4114 | D:4      | Reached XP level 8. HP: 45/49 MP: 8/8
  4114 | D:4      | 4114 ||| Stepping ~*~*~tactically~*~*~ (stealth).
  4122 | D:4      | 4122 ||| Stepping ~*~*~tactically~*~*~ (stealth).
  4136 | D:4      | 4136 ||| Stepping ~*~*~tactically~*~*~ (stealth).
  4472 | D:4      | Found a runed translucent gate.
  4473 | D:4      | Found a runed translucent gate.
  4474 | D:4      | Found a runed translucent gate.
  4475 | D:4      | Noticed qw's ghost (amateur GrFi)
  4475 | D:4      | Noticed qw's ghost (amateur GrFi)
  4672 | D:4      | 4672 ||| DROPPING ring of positive energy.
  4673 | D:4      | 4673 ||| READING 3 scrolls of identify.
  4673 | D:4      | 4673 ||| IDENTIFYING glowing silvery potion
  4674 | D:4      | 4674 ||| DROPPING potion of ambrosia.
  4810 | D:5      | 4810 ||| Stepping ~*~*~tactically~*~*~ (stealth).
  4912 | D:5      | Reached skill level 8 in Axes
  5036 | D:5      | Found a radiant altar of Vehumet.
  5044 | D:5      | Found an iron altar of Okawaru.
  5045 | D:5      | 5045 ||| PLANNING OKAWARU WORSHIP
  5045 | D:5      | 5045 ||| READING 2 scrolls of identify.
  5045 | D:5      | 5045 ||| IDENTIFYING murky emerald potion
  5046 | D:5      | 5046 ||| DROPPING potion of degeneration.
  5054 | D:5      | 5054 ||| FLEEEEING.
  5062 | D:5      | Reached skill level 6 in Fighting
  5132 | D:5      | Became a worshipper of Warmaster Okawaru
  5133 | D:5      | 5133 ||| PLANNING D:1-11
  5725 | D:5      | 5725 ||| DROPPING orb of light.
  5726 | D:5      | 5726 ||| READING scroll labelled HOPPOL HYRYF.
  5809 | D:6      | 5809 ||| READING scroll of enchant armour.
  5809 | D:6      | 5809 ||| ENCHANTING +1 pair of boots.
  5817 | D:6      | Found a runed translucent door.
  5818 | D:6      | Noticed Crazy Yiuf
  5960 | D:6      | Reached skill level 9 in Axes
  5961 | D:6      | Reached XP level 9. HP: 43/56 MP: 9/9
  5985 | D:6      | HP: 11/56 [gnoll sergeant/+0 trident (11)]
  5986 | D:6      | 5986 ||| READING scroll of teleportation.
  5987 | D:6      | 5987 ||| DRINKING potion of heal wounds.
  5991 | D:6      | Reached * piety under Okawaru
  5992 | D:6      | 5992 ||| INVOKING Heroism.
  6004 | D:6      | Reached skill level 1 in Invocations
  6098 | D:6      | 6098 ||| Invisible monster not found???
  6176 | D:6      | 6176 ||| INVOKING Heroism.
  6193 | D:6      | 6193 ||| Stepping ~*~*~tactically~*~*~ (stealth).
  6223 | D:6      | 6223 ||| INVOKING Heroism.
  6364 | D:6      | Noticed Maggie
  6370 | D:6      | Noticed Grinder
  6371 | D:6      | 6371 ||| INVOKING Heroism.
  6380 | D:6      | Paralysed by Grinder for 5 turns
  6387 | D:6      | Reached skill level 3 in Invocations
  6389 | D:6      | Killed Maggie
  6391 | D:6      | 6391 ||| INVOKING Heroism.
  6398 | D:6      | Killed Grinder
  6398 | D:6      | Reached ** piety under Okawaru
  6723 | D:6      | 6723 ||| UPGRADING to +0 helmet.
  6728 | D:6      | 6728 ||| READING scroll labelled CATHREOM WASKI.
  6729 | D:6      | 6729 ||| READING scroll labelled OSTENWA KOCUL.
  6754 | D:7      | 6754 ||| Stepping ~*~*~tactically~*~*~ (hiding).
  6778 | D:7      | 6778 ||| Stepping ~*~*~tactically~*~*~ (hiding).
  6779 | D:7      | 6779 ||| Stepping ~*~*~tactically~*~*~ (hiding).
  6784 | D:7      | 6784 ||| Stepping ~*~*~tactically~*~*~ (hiding).
  6789 | D:7      | 6789 ||| INVOKING Heroism.
  6794 | D:7      | 6794 ||| Stepping ~*~*~tactically~*~*~ (stealth).
  6798 | D:7      | 6798 ||| Stepping ~*~*~tactically~*~*~ (stealth).
  6801 | D:7      | 6801 ||| Stepping ~*~*~tactically~*~*~ (stealth).
  6803 | D:7      | 6803 ||| Stepping ~*~*~tactically~*~*~ (stealth).
  6839 | D:7      | 6839 ||| READING scroll of enchant armour.
  6839 | D:7      | 6839 ||| ENCHANTING +0 helmet.
  6898 | D:7      | 6898 ||| Stepping ~*~*~tactically~*~*~ (hiding).
  6903 | D:7      | 6903 ||| INVOKING Heroism.
  7242 | D:7      | Reached skill level 10 in Axes
  7242 | D:7      | Reached XP level 10. HP: 63/63 MP: 13/13
  7248 | D:7      | 7248 ||| INVOKING Heroism.
  7268 | D:7      | 7268 ||| DROPPING +0 flail.
  7318 | D:7      | 7318 ||| Stepping ~*~*~tactically~*~*~ (stealth).
  7319 | D:7      | 7319 ||| INVOKING Heroism.
  7324 | D:7      | 7324 ||| Stepping ~*~*~tactically~*~*~ (cloud).
  7376 | D:7      | Found Pokhlopia's Antique Weapon Emporium.
  7542 | D:7      | 7542 ||| UPGRADING to +0 plate armour.
  7552 | D:7      | 7552 ||| DROPPING +0 chain mail.
  7574 | D:8      | 7574 ||| STAIRDANCE
  7680 | D:8      | 7680 ||| INVOKING Heroism.
  7687 | D:8      | Noticed Grum
  7698 | D:8      | Reached skill level 6 in Armour
  7699 | D:8      | HP: 11/64 [orc priest/divine providence (12)]
  7700 | D:8      | 7700 ||| INVOKING Heroism.
  7701 | D:8      | Slain by a gnoll

Levels and vault maps discovered:
D:1:      eino_arrival_tree_alley, layout_basic,
          nicolae_ecumenical_snake_handling, hangedman_decor_slide_cut
D:2:      layout_loops_ring
D:3:      layout_basic, mainiacjoe_overflow_surrounded_room, serial_shops, shop,
          shop, shop, shop
D:4:      lemuel_castle_with_subvaults [lemuel_castle_interior_carwin_1],
          layout_rooms, minmay_temple_entry_large_hall, gammafunk_ghost_cemetery
D:5:      minmay_diamond_boxcup, layout_basic,
          mainiacjoe_overflow_large_starburst
D:6:      cheibrodos_quashed, layout_rooms, uniq_maggie,
          uniq_crazy_yiuf_cottage, uniq_grinder
D:7:      layout_loops_ring, serial_shops, nicolae_take_the_stairs
D:8:      layout_rooms, grunt_decor_arrowhead, uniq_grum, uniq_pikel,
          uniq_joseph
Temple:   hellmonk_temple_of_storms

Skill      XL: |  1  2  3  4  5  6  7  8  9 10 |
---------------+-------------------------------+-----
Axes           | 2 3 5 6 7 9 10 | 10.0
Fighting       | 4 5 6 7 8 |  8.1
Dodging        | 1 |  1.1
Throwing       | 1 |  1.0
Armour         | 5 6 |  6.2
Shields        | 4 |  4.3
Invocations    | 4 |  4.5

Action                   |  1- 3 |  4- 6 |  7- 9 | 10-12 || total
-------------------------+-------+-------+-------+-------++-------
Melee: War axe           |   101 |   131 |   302 |    36 ||   570
Throw: Boomerang         |       |     6 |    21 |       ||    27
Invok: Heroism           |       |       |     7 |     4 ||    11
  Use: Scroll            |     3 |     6 |     9 |       ||    18
       Potion            |     2 |     2 |     2 |       ||     6
Armor: Scale mail        |    16 |       |       |       ||    16
       Chain mail        |    17 |    71 |   172 |    10 ||   270
       Plate armour      |       |       |       |    28 ||    28
Dodge: Dodged            |    38 |    60 |   176 |    54 ||   328
Block: Buckler           |    28 |    20 |    59 |    26 ||   133

Table legend:
 A = Non-vault XP
 B = Vault XP
 C = Vault XP percentage of total XP
 D = Non-vault monster count
 E = Vault monster count
 F = Vault count percentage of total count
                 A         B        C        D         E       F
            +---------+---------+-------+---------+---------+-------
      Total |    3934 |    2031 |  34.0 |     142 |      71 |  33.3
            +---------+---------+-------+---------+---------+-------
        D:1 |      62 |       2 |   3.1 |      25 |       2 |   7.4
        D:2 |      32 |       0 |   0.0 |      17 |       0 |   0.0
        D:3 |      41 |       0 |   0.0 |      16 |       0 |   0.0
        D:4 |     279 |     753 |  73.0 |      14 |      55 |  79.7
        D:5 |     810 |     294 |  26.6 |      14 |       9 |  39.1
        D:6 |    1140 |     641 |  36.0 |      23 |       2 |   8.0
        D:7 |    1157 |       0 |   0.0 |      19 |       0 |   0.0
        D:8 |     413 |     341 |  45.2 |      14 |       3 |  17.6
            +---------+---------+-------+---------+---------+-------
